 Dungeon Crawl Stone Soup version 0.30-a0-1114-gd936c97349 (webtiles) character file.

Game seed: 9628573542785134612

1985 Newt the Chopper (level 9, -3/68 HPs)
             Began as a Demonspawn Gladiator on Apr 20, 2023.
             Was a Follower of Okawaru.
             Slain by a two-headed ogre
             ... wielding a +0 giant spiked club
              (17 damage)
             ... on level 8 of the Dungeon.
             The game lasted 00:07:04 (6913 turns).

Newt the Chopper (Demonspawn Gladiator)             Turns: 6913, Time: 00:07:05

Health: -3/68      AC: 28    Str: 18    XL:     9   Next: 1%
Magic:  18/18      EV:  5    Int: 10    God:    Okawaru [*.....]
Gold:   375        SH:  5    Dex: 15    Spells: 8/8 levels left

rFire   . . .      SeeInvis .    z - +4 war axe (elec)
rCold   + . .      Faith    .    (no shield)
rNeg    . . .      Spirit   .    A - +15 Maxwell's patent armour {-Cast -Tele rElec Will+ rCorr}
rPois   .          Reflect  +    r - +2 helmet
rElec   +          Rampage  .    (no cloak)
rCorr   +          NoTele   +    (gloves unavailable)
Will    +....      NoCast   +    (no boots) Stlth
                                 w - amulet of reflection
HPRegen 0.31/turn                g - ring of protection from cold
MPRegen 0.16/turn                f - ring of magical power

@: no status effects
A: claws 3, spiny 1, demonic magic 1
a: Renounce Religion, Heroism


You were on level 8 of the Dungeon.
You worshipped Okawaru.
Okawaru was aware of your devotion.
You visited 1 branch of the dungeon, and saw 8 of its levels.

You collected 435 gold pieces.
You spent 60 gold pieces at shops.

Inventory:

Hand Weapons
 a - a +0 rapier
 k - a +3 dagger
 y - a +7 club
 z - a +4 war axe of electrocution (weapon)
Missiles
 d - 3 throwing nets
 e - 3 javelins
 l - 7 poisoned darts
 n - 6 boomerangs (quivered)
Armour
 b - a +0 leather armour
 c - a +0 helmet
 r - a +2 helmet (worn)
 v - a +1 plate armour of fire resistance
 A - the +15 Maxwell's patent armour (worn) {-Cast -Tele rElec Will+ rCorr}
   (You acquired it on level 7 of the Dungeon)

   rElec:     It insulates you from electricity.
   -Cast:     It prevents spellcasting.
   -Tele:     It prevents most forms of teleportation.
   rCorr:     It protects you from acid and corrosion.
   Will:      It increases your willpower.
Jewellery
 f - a ring of magical power (right claw)
 g - a ring of protection from cold (left claw)
 u - a ring of wizardry
 w - an amulet of reflection (around neck)
Wands
 h - a wand of iceblast (17)
Scrolls
 p - a scroll of magic mapping
 q - a scroll of teleportation
Potions
 i - a potion of invisibility
 j - 2 potions of might
 m - 2 potions of attraction
 o - a potion of haste
 s - 3 potions of heal wounds
 t - a potion of cancellation
 x - 2 potions of flight
 C - a potion of mutation {unknown}
 D - a potion of curing


   Skills:
 - Level 5.0 Fighting
 - Level 6.0 Short Blades
 + Level 7.2 Axes
 - Level 1.0(4.6) Maces & Flails
 - Level 4.0 Throwing
 - Level 2.6 Dodging


You had 8 spell levels left.
You didn't know any spells.
Your spell library contained the following spells:

 Spells                   Type           Power      Damage    Failure   Level
 Sandblast                Erth           0%         2d4       100%        1
 Blink                    Tloc           0%         N/A       100%        2
 Ensorcelled Hibernation  Hex/Ice        0%         N/A       100%        2
 Lesser Beckoning         Tloc           0%         N/A       100%        2
 Momentum Strike          Conj/Tloc      0%         3d8       100%        2
 Passwall                 Tmut/Erth      0%         N/A       100%        2
 Inner Flame              Hex/Fire       0%         N/A       100%        3
 Stone Arrow              Conj/Erth      0%         3d7       100%        3
 Swiftness                Air            0%         N/A       100%        3
 Iskenderun's Battlesphe  Conj           0%         2d6       100%        5
 Yara's Violent Unravell  Hex/Tmut       0%         3d3       100%        5
 Iron Shot                Conj/Erth      0%         9d1       100%        6
 Enfeeble                 Hex            0%         N/A       100%        7
 Spellforged Servitor     Conj/Summ      Unusable   N/A       N/A         7

Dungeon Overview and Level Annotations

Branches:
Dungeon (8/15)             Temple (0/1) D:7
   Lair: D:8-11

Altars:
Dithmenos
Fedhas
Kikubaaqudgha
Nemelex Xobeh
Okawaru
Wu Jian
Yredelemnul

Shops:
D:4 !


Innate Abilities, Weirdness & Mutations

You have claws for hands.
You are partially covered in sharp spines.
Spells you cast may paralyse adjacent enemies.


Message History

You feel sick.
You feel sick.
You are no longer poisoned.
Magic restored.
HP restored.
Found a barding.
You see here a water moccasin corpse.
You see here a +0 barding.
A two-headed ogre comes into view.
It is wielding a +0 giant spiked club and a +0 giant club.
A two-headed ogre is nearby!
The two-headed ogre shouts in stereo!
The two-headed ogre hits you but does no damage. x2
You hit the two-headed ogre but do no damage.
The two-headed ogre completely misses you.
The two-headed ogre hits you with a +0 giant club!
You hit the two-headed ogre.
The two-headed ogre is lightly wounded.
The two-headed ogre is struck by your spines.
The two-headed ogre hits you but does no damage.
You block the two-headed ogre's attack.
You hit the two-headed ogre but do no damage.
The two-headed ogre is lightly wounded.
The two-headed ogre hits you with a +0 giant spiked club!
The two-headed ogre hits you but does no damage.
You hit the two-headed ogre.
The two-headed ogre is moderately wounded.
You slash the two-headed ogre!
The two-headed ogre is heavily wounded.
The two-headed ogre is struck by your spines.
The two-headed ogre hits you with a +0 giant spiked club.
The two-headed ogre hits you with a +0 giant club.
You hit the two-headed ogre.
The two-headed ogre is heavily wounded.
The two-headed ogre hits you but does no damage. x2
You barely miss the two-headed ogre.
The two-headed ogre is heavily wounded.
The two-headed ogre hits you with a +0 giant spiked club!!
* * * LOW HITPOINT WARNING * * *
The two-headed ogre hits you with a +0 giant club!
You die...

#####...#### ###
............... ...
#..........#..##..#
####..........##..#..#
..............##.....
..............##.O#
#............#.@.#...
.#...................#
.#.......[#..........#
.....†.##...#.......##
.[....####..#.......#
.#....# #....#####.#
.#...)####.#### .#
.......)...# .#
..>#.#.#####


You could see a two-headed ogre.

Vanquished Creatures
  A troll (D:7)
  Sigmund (D:5)
  5 water moccasins
  An orc warrior (D:7)
  A sky beast (D:7)
  An ogre (D:4)
  A phantom (D:5)
  2 bullfrogs
  A jelly (D:5)
  A hound (D:4)
  6 orc priests
  A sleepcap (D:6)
  3 iguanas
  Ijyb (D:5)
  4 orc wizards
  4 adders
  2 white imps (D:6)
  2 worms
  3 dart slugs
  30 orcs
  4 ball pythons
  4 bats
  5 endoplasms
  2 giant cockroaches
  2 goblins (D:1)
  2 hobgoblins
  3 jackals (D:3)
  3 quokkas
  5 kobolds
  A rat (D:2)
102 creatures vanquished.

Notes
Turn   | Place    | Note
-------+----------+-------------------------------------------
     0 | D:1      | Newt the Demonspawn Gladiator began the quest for the Orb.
     0 | D:1      | Reached XP level 1. HP: 16/16 MP: 1/1
    56 | D:1      | Gained mutation: You have sharp fingernails. [demonic
                  | ancestry]
    56 | D:1      | Reached XP level 2. HP: 16/23 MP: 2/2
   629 | D:2      | Reached XP level 3. HP: 29/29 MP: 3/3
  1565 | D:3      | Reached XP level 4. HP: 27/38 MP: 4/4
  1633 | D:3      | Found a faded altar of an unknown god.
  2218 | D:3      | Reached skill level 5 in Fighting
  2672 | D:4      | Found Xihog's Distillery.
  2728 | D:4      | Bought a potion of heal wounds for 60 gold pieces
  2743 | D:4      | Gained mutation: You are partially covered in sharp spines.
                  | [demonic ancestry]
  2743 | D:4      | Reached XP level 5. HP: 40/44 MP: 5/5
  2811 | D:4      | Noticed an ogre
  2822 | D:4      | Killed an ogre
  3186 | D:4      | Found a basalt altar of Yredelemnul.
  3202 | D:4      | Found a sparkling altar of Nemelex Xobeh.
  3204 | D:4      | Found a shadowy altar of Dithmenos.
  3205 | D:4      | Found an ornate altar of the Wu Jian Council.
  3206 | D:4      | Found a blossoming altar of Fedhas.
  3524 | D:4      | Gained mutation: You have very sharp fingernails. [demonic
                  | ancestry]
  3524 | D:4      | Reached XP level 6. HP: 42/51 MP: 6/6
  3817 | D:5      | Entered Level 5 of the Dungeon
  3892 | D:5      | Noticed Sigmund
  3902 | D:5      | Killed Sigmund
  3903 | D:5      | Reached XP level 7. HP: 56/56 MP: 7/7
  3948 | D:5      | Reached skill level 5 in Short Blades
  4225 | D:5      | Noticed Ijyb
  4249 | D:5      | Killed Ijyb
  4620 | D:6      | Reached skill level 1 in Maces & Flails
  4702 | D:6      | Reached skill level 2 in Axes
  5070 | D:6      | Reached skill level 3 in Axes
  5070 | D:6      | Gained mutation: Spells you cast may paralyse adjacent
                  | enemies. [demonic ancestry]
  5070 | D:6      | Reached XP level 8. HP: 30/62 MP: 8/8
  5639 | D:6      | Reached skill level 4 in Axes
  5674 | D:6      | Found an ancient bone altar of Kikubaaqudgha.
  5674 | D:6      | Found an iron altar of Okawaru.
  5997 | D:6      | Became a worshipper of Warmaster Okawaru
  6120 | D:7      | Found a staircase to the Ecumenical Temple.
  6189 | D:7      | Identified a scroll of acquirement
  6189 | D:7      | Acquired the +15 Maxwell's patent armour {-Cast -Tele rElec
                  | Will+ rCorr}
  6189 | D:7      | Found the +15 Maxwell's patent armour {-Cast -Tele rElec
                  | Will+ rCorr}
  6234 | D:7      | Noticed a troll
  6239 | D:7      | Reached skill level 5 in Axes
  6246 | D:7      | Killed a troll
  6247 | D:7      | Reached skill level 6 in Axes
  6391 | D:7      | Reached * piety under Okawaru
  6838 | D:8      | Reached skill level 7 in Axes
  6838 | D:8      | Gained mutation: You have claws for hands. [demonic
                  | ancestry]
  6838 | D:8      | Reached XP level 9. HP: 63/68 MP: 9/9
  6903 | D:8      | Noticed a two-headed ogre
  6913 | D:8      | Slain by a two-headed ogre

Illustrated notes

Levels and vault maps discovered:
D:1:      nicolae_arrival_memento_mori, layout_rooms
D:2:      layout_basic, serial_glass, glass_columns_a, glass_columns_c
D:3:      layout_basic, ebering_ecumenical_altar_ruins,
          chequers_serial_rivers_micro_a
D:4:      layout_rooms, minitemple, serial_shops, nicolae_shop_stone
D:5:      layout_basic, palyth_stone_intersect, uniq_sigmund, uniq_ijyb
D:6:      layout_cave_pods, mainiacjoe_overflow_divided_tiny, serial_rivers,
          chequers_serial_rivers_small_a, chequers_serial_rivers_micro_c,
          chequers_serial_rivers_marsh, chequers_serial_rivers_micro_e
D:7:      layout_basic, minmay_temple_entry_glass
D:8:      layout_loops_ring, grunt_decor_arrowhead

Skill      XL: |  1  2  3  4  5  6  7  8 |
---------------+-------------------------+-----
Fighting       | 3 4 5 |  5.0
Throwing       | 2 4 |  4.0
Short Blades   | 4 6 |  6.0
Maces & Flails | 1 |  1.0
Axes           | 3 7 |  7.2
Dodging        | |  2.6

Action                     |  1- 3 |  4- 6 |  7- 9 || total
---------------------------+-------+-------+-------++-------
  Melee: Rapier            |    36 |       |       ||    36
         Dagger            |    33 |   132 |    62 ||   227
         Punch             |       |     1 |     2 ||     3
         Club              |       |       |    49 ||    49
         War axe           |       |       |    71 ||    71
  Throw: Boomerang         |       |     4 |       ||     4
         Throwing net      |       |     1 |       ||     1
         Dart              |       |     2 |       ||     2
    Use: Scroll            |     3 |     3 |     9 ||    15
         Potion            |       |     4 |     3 ||     7
   Stab: Sleeping          |     1 |       |       ||     1
         Held in net/web   |       |     1 |       ||     1
 Armour: Leather armour    |    22 |    26 |    24 ||    72
         Plate armour      |       |       |    38 ||    38
  Dodge: Dodged            |    36 |    72 |    75 ||   183
  Block: Other             |       |       |    36 ||    36
         Reflection        |       |       |     1 ||     1

Table legend: (Time is in decaauts)
 A = Elapsed time spent in this place.
 B = Non-inter-level travel time spent in this place.
 C = Inter-level travel time spent in this place.
 D = Time resting spent in this place.
 E = Time spent auto-exploring this place.
 F = Levels seen in this place.
 G = Mean time per level.
                   A        B        C        D        E       F      G
               +--------+--------+--------+--------+--------+-----+--------+
         Total |   6899 |   6619 |    280 |   1355 |   4396 |   8 |  862.4 |
       Dungeon |   6899 |   6619 |    280 |   1355 |   4396 |   8 |  862.4 |
               +--------+--------+--------+--------+--------+-----+--------+

Top non-repeatable levels by time:
     D:3: 1438 daAuts
     D:6: 1427 daAuts
     D:4: 1024 daAuts
     D:2: 834 daAuts
     D:5: 777 daAuts
     D:7: 739 daAuts
     D:1: 504 daAuts
     D:8: 152 daAuts
